 Dungeon Crawl Stone Soup version 0.30-a0-636-g200c5c4a83 (webtiles) character file.

Game seed: 10437546520624805000

84 BaabKaare the Firebug (level 4, 0/30 HPs)
             Began as a Human Fire Elementalist on Jan 15, 2023.
             Slain by a hound (2 damage)
             ... on level 3 of the Dungeon.
             The game lasted 00:08:53 (2938 turns).

BaabKaare the Firebug (Human Fire Elementalist)     Turns: 2938, Time: 00:08:53

Health: 0/30       AC:  2    Str:  8    XL:     4   Next: 74%
Magic:  4/7        EV: 12    Int: 17    God:
Gold:   119        SH:  0    Dex: 14    Spells: 2/8 levels left

rFire   . . .      SeeInvis .    (no weapon)
rCold   . . .      Faith    .    (no shield)
rNeg    . . .      Spirit   .    a - +0 robe
rPois   .          Reflect  .    (no helmet)
rElec   .          Harm     .    (no cloak)
rCorr   .          Rampage  .    (no gloves)
Will    .....                    (no boots)
Stlth   ++                       e - amulet of regeneration
HPRegen 1.05/turn                (no ring)
MPRegen 0.10/turn                (no ring)

@: lethally poisoned (0 -> -1)
A: no striking features
a: no special abilities


You were on level 3 of the Dungeon.
You visited 1 branch of the dungeon, and saw 4 of its levels.

You collected 119 gold pieces.

Inventory:

Hand Weapons
 l - a +1 vampiric dagger
Armour
 a - a +0 robe (worn)
Jewellery
 e - an amulet of regeneration (around neck)
Wands
 f - a wand of flame (22)
Scrolls
 c - 2 scrolls of fear
 h - a scroll of immolation {unknown}
 k - a scroll of poison {unknown}
 n - a scroll of fog {unknown}
 o - a scroll of teleportation {unknown}
Potions
 d - 2 potions of haste {unknown}
 i - a potion of flight {unknown}
 j - 4 potions of mutation {unknown}
 m - 2 potions of ambrosia {unknown}
 p - a potion of degeneration {unknown}


   Skills:
 + Level 0.1 Fighting
 + Level 2.2 Dodging
 + Level 2.3 Stealth
 + Level 2.5 Spellcasting
 + Level 2.0 Conjurations
 + Level 4.0 Fire Magic


You had 2 spell levels left.
You knew the following spells:

 Your Spells              Type           Power      Damage    Failure   Level
a - Foxfire               Conj/Fire      48%        2x1d6     5%          1
b - Scorch                Fire           32%        2d7       5%          2
c - Inner Flame           Hex/Fire       9%         N/A       24%         3

Your spell library contained the following spells:

 Spells                   Type           Power      Damage    Failure   Level
 Kindle Blastsparks       Fire/Tloc/Air  12%        2d11      32%         3
 Flame Wave               Conj/Fire      12%        2d6       45%         4


Dungeon Overview and Level Annotations

Branches:
Dungeon (4/15)
 Temple: D:4-7

Altars:
Makhleb


Message History

The adder is heavily wounded.
The adder bites you. The kobold hits you with a +0 dagger.
An orc comes into view. It is wielding a +0 hand axe.
The howler monkey hits you. The hound barely misses you.
Casting: Foxfire (safe; 5% risk of failure)
Confirm with . or Enter, or press ? or * to list all spells.
You conjure some foxfire!
The adder bites you.
You are poisoned.
The adder poisons you! The hound bites you.
* * * LOW HITPOINT WARNING * * *
The kobold hits you with a +0 dagger.
* * * LOW HITPOINT WARNING * * *
A goblin comes into view. It is wielding a +0 club.
An orc comes into view. It is wielding a +0 mace.
The howler monkey hoots and howls with incredible vigour!
You hear a shout!
You feel sick.
The foxfire hits the howler monkey.
The howler monkey is almost dead.
The foxfire hits the adder.
The adder is severely wounded.
The adder closely misses you.
The hound stops to sniff the ground.
The hound barely misses you. The howler monkey barely misses you.
The kobold closely misses you. The adder bites you.
* * * LOW HITPOINT WARNING * * *
You are more poisoned.
The adder poisons you! The hound closely misses you.
You climb upwards.
The hobgoblin shouts!
* * * LOW HITPOINT WARNING * * *
You feel very sick.
There is a stone staircase leading down here.
You see here a giant cockroach corpse.
You are too injured to fight recklessly!
Sorry, you're not good enough to have a special ability.
Casting: Foxfire (safe; 5% risk of failure)
Confirm with . or Enter, or press ? or * to list all spells.
You conjure some foxfire!
You feel sick. The howler monkey barely misses you. The hound bites you.
You die...

#''###########################
...g.~≈≈≈≈≈≈≈≈≈≈≈≈≈≈≈≈≈≈≈≈≈≈≈###
....gg≈≈≈≈≈~≈≈≈≈≈≈≈~≈≈≈≈~≈~≈≈≈≈≈
....~~≈≈~~≈~~~~~~~~~~~~~~~≈≈~~≈~
.....~~.~~.~~~.~..~~.~~~~~~~~.~~
................................
................................
.........g.g####h...########..##
...........g.gK@h............<..
.#.#########.##Sv############.#.
# #.###....<...# #.#. #$#
#.._..##.# #.#. ## #.. ##....#
#.#. # #. ### ....#.# #.#. #.#.
#.......# #.#. #...## #.#.##.##
#.#. #<# #.#. .. #.##


You could see a howler monkey (catching breath), a hound (ally target), an
adder, a hobgoblin, 3 goblins and a kobold.

Vanquished Creatures
  A hound (D:4)
  An adder (D:2)
  2 worms (D:2)
  A dart slug (D:2)
  An orc (D:3)
  6 endoplasms
  A giant cockroach (D:3)
  5 goblins
  4 hobgoblins
  5 kobolds
  A quokka (D:2)
  3 ball pythons (D:1)
  3 bats
  A frilled lizard (D:1)
  5 rats
40 creatures vanquished.

Vanquished Creatures (others)
  87 foxfires
  A plant (D:1)
88 creatures vanquished.

Grand Total: 128 creatures vanquished

Notes
Turn   | Place    | Note
-------+----------+-------------------------------------------
     0 | D:1      | BaabKaare the Human Fire Elementalist began the quest for
                  | the Orb.
     0 | D:1      | Reached XP level 1. HP: 13/13 MP: 3/3
   197 | D:1      | Found a faded altar of an unknown god.
   251 | D:1      | Reached XP level 2. HP: 17/19 MP: 3/5
   274 | D:1      | Learned a level 2 spell: Scorch
  1307 | D:1      | Reached XP level 3. HP: 24/24 MP: 3/6
  1975 | D:2      | Reached XP level 4. HP: 30/30 MP: 3/7
  2113 | D:2      | Learned a level 3 spell: Inner Flame
  2454 | D:2      | Reached skill level 4 in Fire Magic
  2601 | D:2      | Found a burning altar of Makhleb.
  2886 | D:3      | Found a burning altar of Makhleb.
  2938 | D:3      | Slain by a hound

Illustrated notes

Levels and vault maps discovered:
D:1:      saegor_arrival_simple_a, layout_basic,
          shapermc_ecumenical_altar_ellora
D:2:      layout_loops_ring, basic_altar
D:3:      minmay_goblin_kobold_castle, layout_basic, grunt_temple_overflow_open,
          bloody_makhleb, minmay_bisected
D:4:      layout_loops_corners, nicolae_ossuary_entry_giza, st_stairs_2,
          minmay_fractal_squares_diagonal_5, uniq_natasha

Skill      XL: |  1  2  3  4 |
---------------+-------------+-----
Fire Magic     | 4 |  4.0
Conjurations   | 2 |  2.0
Fighting       | |  0.1
Dodging        | |  2.2
Stealth        | |  2.3
Spellcasting   | |  2.5

Action                   |  1- 3 |  4- 6 || total
-------------------------+-------+-------++-------
Melee: Unarmed           |     5 |       ||     5
 Cast: Foxfire           |    40 |    13 ||    53
       Scorch            |     3 |     3 ||     6
  Use: Scroll            |     1 |       ||     1
       Potion            |       |     2 ||     2
Armor: Robe              |     1 |     6 ||     7
Dodge: Dodged            |    11 |    36 ||    47

Table legend: (Time is in decaauts)
 A = Elapsed time spent in this place.
 B = Non-inter-level travel time spent in this place.
 C = Inter-level travel time spent in this place.
 D = Time resting spent in this place.
 E = Time spent auto-exploring this place.
 F = Levels seen in this place.
 G = Mean time per level.
                   A        B        C        D        E       F      G
               +--------+--------+--------+--------+--------+-----+--------+
         Total |   2943 |   2847 |     96 |   1132 |   1066 |   4 |  735.8 |
       Dungeon |   2943 |   2847 |     96 |   1132 |   1066 |   4 |  735.8 |
               +--------+--------+--------+--------+--------+-----+--------+

Top non-repeatable levels by time:
     D:2: 1469 daAuts
     D:1: 1360 daAuts
     D:3: 97 daAuts
     D:4: 16 daAuts
